 Dungeon Crawl Stone Soup version 0.31-a0-1388-g4b2ba238e7 (webtiles) character file.

Game seed: 12671841143439118971

357 wildpjah the Slasher (level 6, -7/46 HPs)
             Began as a Demonspawn Gladiator on Dec 24, 2023.
             Was a Follower of Kikubaaqudgha.
             Splashed by a jelly's acid (10 damage)
             ... on level 4 of the Dungeon.
             The game lasted 00:04:50 (2493 turns).

wildpjah the Slasher (Demonspawn Gladiator)         Turns: 2493, Time: 00:04:52

Health: -7/46      AC: -4    Str: 15    XL:     6   Next: 37%
Magic:  7/7        EV: 13    Int:  8    God:    Kikubaaqudgha [*.....]
Gold:   93         SH:  4    Dex: 18    Spells: 5/6 levels left

rFire   . . .        m - +4 short sword
rCold   . . .        p - +0 buckler
rNeg    + . .        j - +2 leather armour {rPois}
rPois   +            c - +0 helmet
rElec   .            (no cloak)
rCorr   .            (no gloves)
SInv    .            g - +0 pair of boots
Will    .....        (no amulet)
Stlth   +++          x - ring of poison resistance
HPRegen 0.27/turn    w - ring of positive energy
MPRegen 0.10/turn

%: no passive effects
@: corroded
A: hooves 2, thin skeletal structure 1, demonic magic 1
a: Renounce Religion, Unearth Wretches


You were on level 4 of the Dungeon.
You worshipped Kikubaaqudgha.
Kikubaaqudgha was aware of your devotion.
You visited 1 branch of the dungeon, and saw 4 of its levels.

You collected 93 gold pieces.

Inventory:

Hand Weapons
 a - a +0 long sword
 m - a +4 short sword (weapon)
Missiles
 d - 3 throwing nets
 e - a javelin
Armour
 b - a +0 leather armour
 c - a +0 helmet (worn)
 g - a +0 pair of boots (worn)
 j - a +2 leather armour of poison resistance (worn)
 p - a +0 buckler (worn)
 z - a +1 ring mail of willpower
Jewellery
 w - a ring of positive energy (right hand)
 x - a ring of poison resistance (left hand)
 A - a ring of ice
Scrolls
 k - 2 scrolls of fog {unknown}
 o - 6 scrolls of identify {unknown}
 q - 3 scrolls of enchant armour {unknown}
 r - a scroll of butterflies {unknown}
 v - a scroll of blinking {unknown}
 y - 2 scrolls of amnesia {unknown}
Potions
 f - 3 potions of degeneration {unknown}
 h - a potion of lignification {unknown}
 i - a potion of might {unknown}
 l - a potion of mutation {unknown}
 n - a potion of brilliance {unknown}
 s - 2 potions of curing {unknown}
 t - 2 potions of attraction {unknown}
 u - a potion of heal wounds {unknown}


   Skills:
 + Level 2.9 Fighting
 + Level 4.7 Long Blades
 + Level 1.7 Throwing
 + Level 1.3 Armour
 + Level 3.7 Dodging
 + Level 1.6 Stealth
 + Level 0.6 Shields
 + Level 0.9 Spellcasting
 + Level 0.5 Necromancy


You had 5 spell levels left.
You knew the following spells:

 Your Spells              Type           Power      Damage    Failure   Level
a - Necrotise             Necr           4%         1d4       50%         1

Your spell library contained the following spells:

 Spells                   Type           Power      Damage    Failure   Level
 Cigotuvi's Dreadful Rot  Necr/Alch/Air  0%         N/A       67%         2
 Vampiric Draining        Necr           1%         2d6       86%         3
 Animate Dead             Necr           1%         N/A       99%         4


Dungeon Overview and Level Annotations

Branches:
Dungeon (4/15)
 Temple: D:4-7

Altars:
Kikubaaqudgha


Innate Abilities, Weirdness & Mutations

You have hoof-like feet.
You have a somewhat thin skeletal structure. (Dex +2, Stealth+)
Spells you cast may paralyse adjacent enemies.


Message History

You open the door.
Found a dagger.
A jelly and a dart slug come into view.
The dart slug moves out of view.
There is an open door here.
An adder comes into view.
The jelly quivers.
You block the dart slug's attack. The jelly closely misses you.
You hit the jelly.
Your hands burn!
The jelly is moderately wounded.
The dart slug closely misses you. The jelly hits you. The acid corrodes you!
You are splashed with acid!
Aiming: Necrotise (safe; 50% risk of failure)
Press: ? - help, Q - select action, (/) - cycle Shift-Dir - straight line, f - dart slug
Aim: a dart slug (chance to affect: 53%)
Okay, then.
The adder hisses angrily.
The jelly attacks as it pursues you! You block the jelly's attack.
There is an open door here.
The jelly attacks as it pursues you! You block the jelly's attack.
You hit the jelly.
Your hands burn!
The jelly is heavily wounded.
You hit the jelly. The acid corrodes you!
Your hands burn!
The jelly is severely wounded.
The jelly completely misses you.
You hit the jelly.
Your hands burn!
The jelly is almost dead.
The jelly hits you.
You are splashed with acid.
You hit the jelly. The acid corrodes you!
Your hands burn!
The jelly is almost dead.
The jelly hits you.
You are splashed with acid!
* * * LOW HITPOINT WARNING * * *
You hit the jelly but do no damage. The acid corrodes you!
Your hands burn!
* * * LOW HITPOINT WARNING * * *
The jelly is almost dead.
The jelly hits you.
* * * LOW HITPOINT WARNING * * *
The acid corrodes you!
You are splashed with acid!
You die...
Kikubaaqudgha rasps: "You have failed me!
Welcome... death!"

#........# ##### ###.......##
....# #..........# ###.#
#.#..S.....#
#.##########.##.......#.
#.......##.#.###.........
#######.##.#..S'...).#....
#########.##.#.#J#.....# ...
......#......#.#@###..........
#####.#.#.#...<#.#####.##.
....##
#...#...##.#.....#.#####+##..
#######.##....#.## . ... ...#
#......####.#.# ##.# #>.#
#####.........#.######.###.##
..............#..............
######.....##.#.#########....
.............#...# #...###


You could see a jelly and an adder.

Vanquished Creatures
  Sigmund (D:3)
  Natasha (thrice) (D:2)
  6 adders
  2 worms (D:2)
  An orc (D:3)
  3 ball pythons
  6 endoplasms
  A giant cockroach (D:2)
  6 goblins
  7 hobgoblins
  6 kobolds
  3 quokkas
  8 bats
  6 frilled lizards
  7 rats
66 creatures vanquished.

Notes
Turn   | Place    | Note
-------+----------+-------------------------------------------
     0 | D:1      | wildpjah the Demonspawn Gladiator began the quest for the
                  | Orb.
     0 | D:1      | Reached XP level 1. HP: 16/16 MP: 1/1
   205 | D:1      | Reached skill level 3 in Long Blades
   218 | D:1      | Gained mutation: You have large cloven feet. [demonic
                  | ancestry]
   218 | D:1      | Reached XP level 2. HP: 22/22 MP: 2/2
  1001 | D:1      | Reached XP level 3. HP: 27/27 MP: 3/3
  1039 | D:2      | Noticed Natasha
  1051 | D:2      | Killed Natasha
  1164 | D:2      | Noticed Natasha
  1188 | D:2      | Killed Natasha
  1189 | D:2      | Gained mutation: You have hoof-like feet. [demonic
                  | ancestry]
  1189 | D:2      | Reached XP level 4. HP: 20/34 MP: 4/4
  1282 | D:2      | Noticed Natasha
  1292 | D:2      | Killed Natasha
  1293 | D:2      | Reached skill level 4 in Long Blades
  1482 | D:2      | Reached skill level 1 in Armour
  1694 | D:2      | Gained mutation: Spells you cast may paralyse adjacent
                  | enemies. [demonic ancestry]
  1694 | D:2      | Reached XP level 5. HP: 37/39 MP: 5/5
  1786 | D:3      | Found an ancient bone altar of Kikubaaqudgha.
  1862 | D:3      | Found a faded altar of an unknown god.
  1874 | D:3      | Prayed at the altar of an unknown god.
  1874 | D:3      | Became a worshipper of Kikubaaqudgha
  1874 | D:3      | Reached * piety under Kikubaaqudgha
  1874 | D:3      | Received a gift from Kikubaaqudgha
  1877 | D:3      | Learned a level 1 spell: Necrotise
  1914 | D:3      | Reached skill level 1 in Stealth
  1948 | D:3      | Noticed Sigmund
  1966 | D:3      | Killed Sigmund
  1967 | D:3      | Gained mutation: You have a somewhat thin skeletal
                  | structure. (Dex +2, Stealth+) [demonic ancestry]
  1967 | D:3      | Reached XP level 6. HP: 41/46 MP: 1/6
  2493 | D:4      | Splashed by a jelly's acid

Illustrated notes

Levels and vault maps discovered:
D:1:      lemuel_arrival_cross, layout_basic, serial_rivers,
          chequers_serial_rivers_micro_c, chequers_serial_rivers_room_b,
          chequers_serial_rivers_micro_c, chequers_serial_rivers_micro_c,
          chequers_serial_rivers_room_a, skrybe_limestone_x,
          minmay_split_cup_large
D:2:      layout_loops_ring, uniq_natasha
D:3:      layout_rooms, mainiacjoe_overflow_brackets,
          ebering_ecumenical_altar_hall, uniq_sigmund
D:4:      layout_basic, minmay_temple_entry_hall

Skill      XL: |  1  2  3  4  5 |
---------------+----------------+-----
Long Blades    | 3 4 |  4.7
Dodging        | 3 |  3.7
Armour         | 1 |  1.3
Stealth        | 1 |  1.6
Fighting       | |  2.9
Throwing       | |  1.7
Shields        | |  0.6
Spellcasting   | |  0.9
Necromancy     | |  0.5

Action                     |  1- 3 |  4- 6 || total
---------------------------+-------+-------++-------
  Melee: Long sword        |    93 |   117 ||   210
         Short sword       |       |    12 ||    12
   Cast: Necrotise         |       |     6 ||     6
   Stab: Distracted        |     1 |       ||     1
         Sleeping          |       |     5 ||     5
         Paralysed         |       |     3 ||     3
 Armour: Leather armour    |    66 |    65 ||   131
  Dodge: Dodged            |    67 |    79 ||   146
  Block: Buckler           |    13 |    25 ||    38

Table legend: (Time is in decaauts)
 A = Elapsed time spent in this place.
 B = Non-inter-level travel time spent in this place.
 C = Inter-level travel time spent in this place.
 D = Time resting spent in this place.
 E = Time spent auto-exploring this place.
 F = Levels seen in this place.
 G = Mean time per level.
                   A        B        C        D        E       F      G
               +--------+--------+--------+--------+--------+-----+--------+
         Total |   2560 |   2390 |    170 |      0 |   1787 |   4 |  640.0 |
       Dungeon |   2560 |   2390 |    170 |      0 |   1787 |   4 |  640.0 |
               +--------+--------+--------+--------+--------+-----+--------+

Top non-repeatable levels by time:
     D:1: 1019 daAuts
     D:2: 824 daAuts
     D:3: 519 daAuts
     D:4: 197 daAuts
